 Dungeon Crawl Stone Soup version 0.18.1-50-g88ac8fd (webtiles) character file.

36 krat0s the Skirmisher (level 3, -1/30 HPs)
             Began as a Demonspawn Abyssal Knight on Nov 13, 2016.
             Was a Believer of Lugonu.
             Slain by an adder (3 damage)
             ... on level 2 of the Dungeon.
             The game lasted 00:10:52 (1156 turns).

krat0s the Skirmisher (Demonspawn Abyssal Knight)   Turns: 1156, Time: 00:10:53

Health: -1/30      AC:  8    Str: 12    XL:     3   Next: 19%
Magic:  4/4        EV:  5    Int: 19    God:    Lugonu [**....]
Gold:   84         SH:  0    Dex: 14    Spells: 0 memorised, 2 levels left

rFire  . . .     SeeInvis .     a - +1 falchion
rCold  + . .     Gourm    .     h - +0 chain mail
rNeg   . . .     Faith    .     (no shield)
rPois  .         Spirit   .     (no helmet)
rElec  .         Dismiss  .     (no cloak)
rCorr  .         Reflect  .     (no gloves)
SustAt .         Harm     .     (no boots)
MR     .....                    (no amulet)
Stlth  ..........               (no ring)
                                (no ring)

@: brilliant, lethally poisoned (-1 -> -4), not resistant to hostile
enchantments, extremely unstealthy
A: thin skeletal structure 1, cold resistance 1
a: Depart the Abyss, Bend Space, Renounce Religion


You were on level 2 of the Dungeon.
You worshipped Lugonu.
Lugonu was pleased with you.
You were hungry.

You visited 1 branch of the dungeon, and saw 2 of its levels.
You visited the Abyss 1 time.

You collected 84 gold pieces.

Inventory:

Hand Weapons
 a - a +1 falchion (weapon)
 g - a +0 whip
 i - a +0 club
Missiles
 f - 6 tomahawks (quivered)
Armour
 b - a +0 leather armour
 h - a +0 chain mail (worn)
 j - a +0 ring mail
 n - a +0 chain mail
Scrolls
 l - a scroll of identify
 m - a scroll of enchant weapon {unknown}
 o - a scroll of teleportation {unknown}
Potions
 d - a potion of curing {unknown}
 k - a potion of lignification {unknown}
Comestibles
 c - a bread ration


   Skills:
 + Level 3.8 Fighting
 + Level 2.1 Long Blades
 + Level 2.0 Armour
 + Level 1.1 Dodging
 + Level 2.6 Invocations


You had 2 spell levels left.
You didn't know any spells.

Dungeon Overview and Level Annotations

Branches:
Dungeon (2/15)

Altars:
The Shining One

Annotations:
D:2 Natasha


Innate Abilities, Weirdness & Mutations

You have a somewhat thin skeletal structure (Dex +2, Stealth).
Your flesh is cold resistant.


Message History

The adder bites you.
* * * LOW HITPOINT WARNING * * *
Your chain mail prevents you from hitting the adder.
* * * LOW HITPOINT WARNING * * *
You feel sick.
The crimson imp disappears in a puff of smoke!
The adder bites you.
* * * LOW HITPOINT WARNING * * *
The adder bites you.
* * * LOW HITPOINT WARNING * * *
It was a potion of brilliance.
You feel clever all of a sudden.
* * * LOW HITPOINT WARNING * * *
You feel sick. The adder bites you but does no damage.
The iron imp grins evilly.
The adder bites you but does no damage.
Your chain mail prevents you from hitting the adder.
You feel yourself speed up. The adder bites you.
You die...

##....$...#
#.........#
#(........#
####..5......#
###............#
##.5......5...?.#
####.hgS###........#
##### ##....#S##
#######.##
##...###..####@# #.#
##........#.....#
#..
#.......###.#####
#..# #.......##..#
#..# #..........##
(..# ##..<...####
...# #....)..#
#.......# #.......#


You could see an iron imp, Natasha, an adder, a goblin and a ball python.

Vanquished Creatures
  An adder (D:2)
  A dart slug (D:2)
  A ball python (D:1)
  6 bats
  2 goblins (D:1)
  5 hobgoblins (D:1)
  4 giant newts (D:1)
  3 rats (D:1)
23 creatures vanquished.

Notes
Turn   | Place    | Note
--------------------------------------------------------------
     0 | Abyss:1  | krat0s the Demonspawn Abyssal Knight began the quest for the Orb.
     0 | Abyss:1  | Reached XP level 1. HP: 18/18 MP: 2/2
    39 | D:1      | Escaped the Abyss
   333 | D:1      | Gained mutation: Your flesh is cold resistant. [demonic ancestry]
   333 | D:1      | Reached XP level 2. HP: 21/24 MP: 3/3
   691 | D:1      | Reached ** piety under Lugonu
   914 | D:1      | Found a glowing golden altar of the Shining One.
  1129 | D:2      | Reached skill level 1 in Dodging
  1129 | D:2      | Gained mutation: You have a somewhat thin skeletal structure (Dex +2, Stealth). [demonic ancestry]
  1129 | D:2      | Reached XP level 3. HP: 24/30 MP: 4/4
  1131 | D:2      | Noticed Natasha
  1156 | D:2      | Slain by an adder

Skill      XL: |  1  2 |
---------------+-------+-----
Long Blades    | 2 |  2.1
Armour         | 2 |  2.0
Dodging        | 1 |  1.1
Fighting       | |  3.8
Invocations    | |  2.6

Action                   || total
-------------------------++-------
Melee: Falchion          ||    82
  Use: Scroll            ||     2
       Potion            ||     1
Armor: Leather armour    ||     4
       Chain mail        ||    88
Dodge: Dodged            ||    47
